General information
- name: 1v1 Manlier vs Kodos- sryx2
- type: Custom game
- host: Manlier
- saver: Manlier
map: GnollWood
- players: 8
- length: 18:04
- speed: Fast
- version: 1.24 W3XP
- replay type: Public
» download(67 KB)
Players
team 1 (winner)
Manlier (
red | 69 APM | 1255 actions | 18:04)
2 Firelord
2 Soul Burn
4 Goblin Alchemist
2 Acid Bomb
2 Chemical Rage
» actions
| Assign group hotkey | 44 | |
| Basic commands | 57 | |
| Build / train | 59 | |
| ESC pressed | 2 | |
| Enter build submenu | 19 | |
| Enter hero's abilities submenu | 7 | |
| Remove unit from queue | 7 | |
| Right click | 613 | |
| Select / deselect | 269 | |
| Select group hotkey | 122 | |
| Use ability | 56 | |
1255 total
» units
| Acolyte | 3 | |
| Ghoul | 22 | |
| Gargoyle | 6 | |
| Obsidian Statue | 3 | |
34 total
» upgrades
| Burrow | 0 | |
| Cannibalize | 1 | |
| Creature Attack | 1 | |
| Creature Carapace | 1 | |
| Unholy Strength | 1 | |
| Ghoul Frenzy | 1 | |
| Web | 1 | |
6 total
» buildings
| Graveyard | 1 | |
| Halls of the Dead | 2 | |
| Necropolis | 1 | |
| Crypt | 2 | |
| Altar of Darkness | 1 | |
| Ziggurat | 4 | |
| Tomb of Relics | 1 | |
| Slaughterhouse | 1 | |
| Black Citadel | 1 | |
14 total
» build order
00:22 Graveyard
00:49 Halls of the Dead
00:49 Halls of the Dead
01:07 Necropolis
01:38 Crypt
02:09 Altar of Darkness
02:39 Ziggurat
04:41 Ziggurat
05:33 Crypt
06:58 Tomb of Relics
07:23 Slaughterhouse
07:42 Ziggurat
07:45 Ziggurat
10:57 Black Citadel
team 2 (loser)

»
KODOS_FORSAKEN (
blue | 136 APM | 2447 actions | 18:02)
4 Warden
2 Shadow Strike
1 Blink
1 Fan of Knives
3 Keeper of the Grove
2 Entangling Roots
1 Thorns Aura
» actions
| Assign group hotkey | 439 | |
| Basic commands | 1 | |
| Build / train | 71 | |
| Enter build submenu | 18 | |
| Enter hero's abilities submenu | 7 | |
| Give item / drop item | 6 | |
| Right click | 1011 | |
| Select / deselect | 461 | |
| Select group hotkey | 319 | |
| Use ability | 114 | |
2447 total
» units
| Wisp | 20 | |
| Archer | 8 | |
| Hippogryph | 8 | |
| Druid of the Talon | 10 | |
46 total
» upgrades
| Hippogryph Taming | 1 | |
| Strength of the Moon | 1 | |
| Reinforced Hides | 1 | |
3 total
» buildings
| Altar of Elders | 1 | |
| Moon Well | 4 | |
| Ancient of War | 3 | |
| Tree of Ages | 1 | |
| Hunter's Hall | 1 | |
| Ancient of Wind | 2 | |
| Tree of Life | 1 | |
| Ancient Protector | 2 | |
| Ancient of Wonders | 1 | |
16 total
» build order
00:08 Altar of Elders
00:20 Moon Well
01:40 Moon Well
02:00 Ancient of War
02:10 Ancient of War
02:20 Moon Well
03:24 Tree of Ages
05:14 Hunter's Hall
05:33 Moon Well
05:50 Ancient of Wind
07:35 Ancient of Wind
08:11 Tree of Life
13:39 Ancient of War
15:41 Ancient Protector
15:50 Ancient of Wonders
16:29 Ancient Protector
» items
| Circlet of Nobility | 2 | |
| Boots of Speed | 1 | |
| Scroll of Town Portal | 1 | |
| Potion of Lesser Invulnerability | 1 | |
| Lesser Clarity Potion | 1 | |
| Moonstone | 1 | |
| Potion of Healing | 1 | |
| Potion of Mana | 1 | |
9 total
observerssG[jRCHiCKEN],
wcr.wpa,
Vaan,
ceawhale,
Dotatimegirl,
mantix Chat log
(01:21 / All) KODOS_FORSAKEN: you fat fucking nerd
(01:24 / All) KODOS_FORSAKEN: where are you
(02:50 / All) Manlier: bb
(02:54 / All) KODOS_FORSAKEN: ?
(03:26 / All) Manlier: soul Burn and acid Bomb
(04:08 / All) KODOS_FORSAKEN: you nigger
(09:19 / All) KODOS_FORSAKEN: nooooo
(09:57 / All) KODOS_FORSAKEN: lol
(10:27 / All) KODOS_FORSAKEN: oll
(10:28 / All) KODOS_FORSAKEN: wth
(10:52 / All) Manlier: im tenacious
(13:58 / All) Manlier: i dont even have ghoul frenzy yet
(14:03 / All) KODOS_FORSAKEN: no way
(16:44 / All) KODOS_FORSAKEN: lol
(17:02 / All) Manlier: oh nelly
(17:04 / All) Manlier: here i come
(18:02 / All) KODOS_FORSAKEN: gg